 Dungeon Crawl Stone Soup version 0.20.1-1-g8b1a95d (webtiles) character file.

102 landyin the Grave Robber (level 4, -2/24 HPs)
             Began as a Deep Elf Necromancer on Sept 7, 2017.
             Killed by Freeze
             ... invoked by Heh's ghost
              (4 damage)
             ... on level 3 of the Dungeon.
             The game lasted 00:11:02 (1952 turns).

landyin the Grave Robber (Deep Elf Necromancer)     Turns: 1952, Time: 00:11:03

Health: -2/24      AC:  2    Str:  6    XL:     4   Next: 49%
Magic:  4/12       EV: 13    Int: 20    God:
Gold:   131        SH:  0    Dex: 15    Spells: 3/11 levels left

rFire    . . .     SeeInvis .   i - +0 dagger (venom)
rCold    . . .     Gourm    .   (no shield)
rNeg     . . .     Faith    .   a - +0 robe
rPois    .         Spirit   .   (no helmet)
rElec    .         Reflect  .   (no cloak)
rCorr    +         Harm     .   (no gloves)
MR       .....                  (no boots)
Stlth    ++........             (no amulet)
Regen    0.1/turn               t - ring of resist corrosion
MPRegen  0.2/turn               (no ring)

@: very slightly contaminated
A: no striking features
a: no special abilities


You were on level 3 of the Dungeon.
You were hungry.

You visited 1 branch of the dungeon, and saw 3 of its levels.

You collected 131 gold pieces.

Inventory:

Hand Weapons
 i - a +0 dagger of venom (weapon)
Missiles
 d - 38 sling bullets
 h - 59 stones
 r - 2 tomahawks (quivered)
Armour
 a - a +0 robe (worn)
 m - a +0 leather armour
 q - a +0 ring mail
Jewellery
 t - a ring of resist corrosion (left hand)
Wands
 x - a wand of random effects (20/48)
Scrolls
 f - a scroll of teleportation {unknown}
 j - 6 scrolls of identify
 p - 2 scrolls of remove curse {unknown}
 u - 2 scrolls of fear {unknown}
Potions
 e - 2 potions of curing {unknown}
 g - a potion of heal wounds {unknown}
 k - a potion of magic {unknown}
 n - a potion of agility {unknown}
 o - 2 potions of mutation {unknown}
 w - a potion of might {unknown}
Books
 b - a book of Necromancy

   Spells                             Type                      Level
   a - Pain                           Necromancy                   1
   b - Animate Skeleton               Necromancy                   1
   c - Vampiric Draining              Necromancy                   3
   d - Regeneration                   Charms/Necromancy            3
   e - Animate Dead                   Necromancy                   4
   f - Control Undead                 Necromancy                   4
 s - a book of Callings

   Spells                             Type                      Level
   a - Summon Small Mammal            Summoning                    1
   b - Call Imp                       Summoning                    2
   c - Call Canine Familiar           Summoning                    3
   d - Summon Guardian Golem          Hexes/Summoning              3
   e - Summon Lightning Spire         Summoning/Air                4
   f - Summon Ice Beast               Ice/Summoning                4
Comestibles
 c - 4 bread rations
 l - 3 meat rations
 v - 2 fruits


   Skills:
 - Level 2.4 Dodging
 + Level 2.6 Stealth
 + Level 4.2 Spellcasting
 * Level 6.5 Necromancy


You had 3 spell levels left.
You knew the following spells:

 Your Spells              Type           Power        Failure   Level  Hunger
a - Pain                  Necr           ####         1%          1    None
b - Animate Skeleton      Necr           N/A          1%          1    None
c - Vampiric Draining     Necr           ####......   2%          3    ###....
d - Regeneration          Chrm/Necr      ###.......   10%         3    ###....


Dungeon Overview and Level Annotations

Branches:
Dungeon (3/15)

Altars:
Okawaru
Vehumet

Annotations:
D:3 Heh's ghost, weakling OpIE


Message History

Your skin crawls.
You are feeling hungry.
Heh's ghost hits you.
* * * LOW HITPOINT WARNING * * *
Heh's ghost closely misses you.
Your skin is crawling a little less now.
Heh's ghost stares at you and mumbles some strange words.
You are frozen.
* * * LOW HITPOINT WARNING * * *
Heh's ghost closely misses you.
Your skin stops crawling.
Heh's ghost stares at you and mumbles some strange words.
You are frozen.
* * * LOW HITPOINT WARNING * * *
An orc comes into view. It is wielding a hand axe.
Heh's ghost misses you.
The orc shouts!
Heh's ghost casts a spell at you.
You are frozen.
You die...

#.###.# #.# #.# ### #.#
#.###....# ####.###.........
######.##......# ..#
#......#######.# ..
#...##.#######.##.###.
#............oW.......
#....#.#######@##.###.
#.##.#................
#.##.#..#######.....#'#######
#Z##.#.>. ...............#
#.##.#+### #.............#
###.##..<... #....... ...##
.....#...W.. #.....####....#
.....#........ #.##.<...)..#
.............. #.#..#####..#


You could see Heh's ghost and an orc.

Vanquished Creatures
  An adder (D:3)
  3 gnolls
  A dart slug (D:2)
  An orc (D:3)
  6 bats
  2 giant cockroaches
  5 goblins
  3 hobgoblins
  8 jackals
  7 kobolds
  3 frilled lizards (D:2)
  6 rats
46 creatures vanquished.

Vanquished Creatures (collateral kills)
  A gnoll (D:2)
  A hobgoblin (D:1)
  A jackal (D:1)
  A frilled lizard (D:2)
4 creatures vanquished.

Grand Total: 50 creatures vanquished

Notes
Turn   | Place    | Note
-------+----------+-------------------------------------------
     0 | D:1      | landyin the Deep Elf Necromancer began the quest for the Orb.
     0 | D:1      | Reached XP level 1. HP: 10/10 MP: 6/6
     2 | D:1      | Learned a level 1 spell: Animate Skeleton
    55 | D:1      | Reached skill level 5 in Necromancy
   203 | D:1      | Reached XP level 2. HP: 10/15 MP: 2/8
   602 | D:1      | Reached XP level 3. HP: 17/19 MP: 7/10
  1110 | D:2      | Found an iron altar of Okawaru.
  1148 | D:2      | Reached skill level 6 in Necromancy
  1155 | D:2      | Learned a level 3 spell: Vampiric Draining
  1159 | D:2      | Learned a level 3 spell: Regeneration
  1385 | D:2      | Found a radiant altar of Vehumet.
  1456 | D:2      | Reached XP level 4. HP: 21/24 MP: 7/12
  1818 | D:3      | Noticed Heh's ghost (weakling OpIE)
  1952 | D:3      | Killed from afar by Heh's ghost

Skill      XL: |  1  2  3 |
---------------+----------+-----
Necromancy     | 5 6 |  6.5
Spellcasting   | 4 |  4.2
Dodging        | |  2.4
Stealth        | |  2.6

Action                   |  1- 3 |  4- 6 || total
-------------------------+-------+-------++-------
Melee: Unarmed           |     1 |       ||     1
       Dagger            |    29 |     7 ||    36
Throw: Tomahawk          |       |     3 ||     3
 Cast: Pain              |    43 |    18 ||    61
       Animate Skeleton  |    17 |     3 ||    20
       Regeneration      |     1 |     1 ||     2
       Vampiric Draining |       |     2 ||     2
Evoke: Wand              |       |     3 ||     3
  Use: Scroll            |     1 |       ||     1
 Stab: Sleeping          |     2 |     1 ||     3
  Eat: Chunk             |     1 |     2 ||     3
Armor: Robe              |    10 |     1 ||    11
Dodge: Dodged            |    37 |    14 ||    51
